 Dungeon Crawl Stone Soup version 0.21.1-1-g345015f (webtiles) character file.

24776 infcreate the Severer (level 12, -20/110 HPs)
             Began as a Minotaur Fighter on May 23, 2018.
             Was a High Priest of Trog.
             Hit by a large rock thrown by a stone giant (21 damage)
             ... in a volcano on May 25, 2018.
             The game lasted 01:13:13 (16943 turns).

infcreate the Severer (Minotaur Fighter)           Turns: 16943, Time: 01:13:14

Health: -20/110    AC: 20    Str: 27    XL:     12   Next: 83%
Magic:  11/11      EV:  7    Int:  5    God:    Trog [*****.]
Gold:   762        SH: 13    Dex: 14    Spells: 11/11 levels left

rFire    . . .     SeeInvis .   a - +1 war axe
rCold    . . .     Gourm    .   c - +0 shield
rNeg     . . .     Faith    +   I - +0 plate armour
rPois    .         Spirit   .   (helmet restricted)
rElec    .         Reflect  .   i - +0 cloak
rCorr    .         Harm     .   h - +0 pair of gloves
MR       .....                  (no boots)
Stlth    ..........             y - amulet of faith
HPRegen  0.28/turn              n - +5 ring of dexterity
MPRegen  0.12/turn              o - +2 ring of protection

@: berserk cooldown, flying, slowed, very slow
A: retaliatory headbutt, horns 2
a: Berserk, Trog's Hand, Brothers in Arms, Burn Spellbooks, Renounce Religion


You were in a volcano.
You worshipped Trog.
Trog was extremely pleased with you.
You were very hungry.

You visited 3 branches of the dungeon, and saw 15 of its levels.
You also visited: Sewer and Volcano.

You collected 762 gold pieces.

Inventory:

Hand Weapons
 a - a +1 war axe (weapon)
Armour
 c - a +0 shield (worn)
 h - a +0 pair of gloves (worn)
 i - a +0 cloak (worn)
 I - a +0 plate armour (worn)
Jewellery
 n - a +5 ring of dexterity (left hand)
 o - a +2 ring of protection (right hand)
 y - an amulet of faith (around neck)
 G - the ring "Ohumpes" {*Tele rN+}
   (You took it off a kobold on level 9 of the Dungeon)

   [ring of teleportation]

   It may teleport you next to monsters.
   It protects you from negative energy.
Scrolls
 b - a scroll of noise
 k - 2 scrolls of enchant weapon
 l - 3 scrolls of identify
 m - 4 scrolls of fear
 p - 3 scrolls of amnesia
 u - a scroll of fog
 x - 8 scrolls of teleportation
 z - 2 scrolls of immolation
 A - 4 scrolls of blinking
 D - 7 scrolls of remove curse
 F - 2 scrolls of torment
Potions
 d - 6 potions of might
 e - 9 potions of curing
 g - 2 potions of mutation
 j - 3 potions of flight
 q - a potion of resistance
 r - a potion of lignification {unknown}
 s - a potion of magic {unknown}
 t - 3 potions of brilliance
 v - 4 potions of heal wounds
 w - 2 potions of agility
 B - a potion of degeneration {unknown}
 E - a potion of invisibility
 H - a potion of haste {unknown}
Comestibles
 f - 16 rations


   Skills:
 + Level 11.6 Fighting
 + Level 16.2 Axes
 + Level 11.9 Armour
 + Level 12.1 Shields


You had 11 spell levels left.
You didn't know any spells.

Dungeon Overview and Level Annotations

Branches:
Dungeon (10/15)            Temple (1/1) D:6            Lair (4/6) D:10
  Swamp (0/4) Lair:3        Snake (0/4) Lair:2
    Orc: D:9-12

Altars:
Ashenzari
Elyvilon
Gozag
Makhleb
Qazlal
Ru
Trog
Vehumet

Shops:
D:5 %   D:10 *

Annotations:
D:5 olivier's ghost, amateur OgFi
Lair:1 exclusion: 2 oklob plants


Innate Abilities, Weirdness & Mutations

You reflexively headbutt those who attack you in melee.
You have a pair of horns on your head.


Message History

You are no longer berserk.
Trog's vigour flows through your veins.
You are exhausted.
You feel yourself slow down.
The stone giant throws a large rock.
You block the large rock.
There is an open door here.
You see here 3 large rocks.
You slash the gargoyle! You headbutt the gargoyle!
The gargoyle is heavily damaged.
The gargoyle hits you but does no damage.
The stone giant throws a large rock.
The large rock hits you!!
* * * LOW HITPOINT WARNING * * *
You slash the gargoyle!
You destroy the gargoyle!
Trog accepts your kill.
The stone giant throws a large rock.
The large rock hits you.
* * * LOW HITPOINT WARNING * * *
Unknown command.
The stone giant throws a large rock.
The large rock hits you!!
You die...

≈≈§≈≈≈≈§.§≈≈§≈≈§≈§§§≈≈≈.§§§≈§≈≈§≈
≈≈≈≈≈≈§.......§.........§§§ ≈≈≈≈§
§≈≈≈≈≈≈.########'###### §
§§≈≈≈≈..# #.# ≈§≈§≈§..# #.#
≈§≈§≈§≈.# #.# §§§§§≈≈.# #.#
§≈≈≈§≈§.# #.# §≈≈≈§≈..#. #@#
≈≈≈≈≈≈§.### #(# §§≈≈≈§≈§# #..)).#
§≈§§≈≈§§# #.8_8.# §≈≈§§§
.C.....'. ≈§≈§ ########### §≈≈≈
§≈≈≈§≈≈. ≈≈≈≈≈ §§§≈≈≈≈§ §≈≈≈§
≈§≈≈≈≈§≈≈≈≈≈≈≈§§≈§ ≈≈≈≈≈§


You could see a stone giant.

Vanquished Creatures
  2 hydras (Lair:2)
  3 two-headed ogres
  The ghost of Zorot the Grappler, a journeyman VSGl of Makhleb (D:8)
  A black mamba (Lair:1)
  2 gargoyles
  9 spiny frogs
  A rime drake (Lair:2)
  3 komodo dragons
  An efreet (Volcano)
  The ghost of kalagan the Caller, a novice DESu (D:6)
  2 trolls
  A hornet (D:10)
  5 blink frogs (Lair:1)
  2 hippogriffs
  A slime creature (Lair:2)
  Sigmund (D:2)
  A wyvern (Lair:2)
  14 yaks (Lair:3)
  2 fire elementals (Volcano)
  A fire bat (Volcano)
  A basilisk (Lair:2)
  Grum (Lair:1)
  Menkaure (D:5)
  5 insubstantial wisps (Lair:3)
  6 nagas (Lair:2)
  6 porcupines
  2 hell hounds (Lair:4)
  9 water moccasins
  A sky beast (D:10)
  6 orc warriors
  2 phantoms
  A black bear (D:9)
  5 ice beasts
  2 ogres
  9 wolves
  3 centaurs
  6 crocodiles
  3 big kobolds
  A gnoll sergeant (D:9)
  12 bullfrogs
  An earth elemental (Volcano)
  9 scorpions
  4 wights (D:10)
  6 electric eels (D:10)
  5 howler monkeys
  4 crimson imps (D:6)
  A centaur zombie (D:10)
  4 lava snakes (Volcano)
  2 bullfrog zombies
  8 hounds
  8 jellies
  8 orc priests
  2 centaur skeletons (D:5)
  A gnoll shaman (D:10)
  2 bullfrog skeletons (D:10)
  17 orc wizards
  Crazy Yiuf (D:2)
  Ijyb (D:3)
  3 iguanas
  Natasha (D:3)
  8 worker ants
  A hound zombie (D:10)
  A worker ant zombie (D:10)
  9 gnolls
  5 river rats (Sewer)
  14 adders
  A howler monkey skeleton (D:4)
  2 shadow imps
  16 oozes
  An adder skeleton (D:8)
  8 worms
  A dart slug (D:2)
  8 leopard geckos
  46 orcs
  10 ball pythons
  7 bats
  6 giant cockroaches
  4 hobgoblins
  18 jackals
  22 kobolds
  2 quokkas (D:4)
  6 frilled lizards
  7 goblins
  A jackal skeleton (D:5)
  2 leopard gecko zombies (D:6)
  2 quokka skeletons
  25 rats
  3 plants
460 creatures vanquished.

Vanquished Creatures (others)
  A gnoll (D:10)
  10 fungi
  4 plants
15 creatures vanquished.

Grand Total: 475 creatures vanquished

Notes
Turn   | Place    | Note
-------+----------+-------------------------------------------
     0 | D:1      | infcreate the Minotaur Fighter began the quest for the Orb.
     0 | D:1      | Reached XP level 1. HP: 19/19 MP: 0/0
   183 | D:1      | Reached XP level 2. HP: 23/27 MP: 1/1
   422 | D:1      | You fall through a shaft!
   536 | D:2      | Reached skill level 3 in Axes
   536 | D:2      | Reached XP level 3. HP: 23/33 MP: 2/2
  1234 | D:2      | Noticed Sigmund
  1476 | D:1      | You fall through a shaft!
  1626 | D:2      | Reached XP level 4. HP: 36/40 MP: 3/3
  1703 | D:2      | Found a runed door.
  1769 | D:2      | Killed Sigmund
  1769 | D:2      | Reached skill level 4 in Axes
  1769 | D:2      | Reached skill level 5 in Armour
  1769 | D:2      | Reached XP level 5. HP: 29/47 MP: 4/4
  2013 | D:2      | Noticed Crazy Yiuf
  2020 | D:2      | Killed Crazy Yiuf
  2020 | D:2      | Reached skill level 5 in Axes
  2138 | D:3      | Noticed Ijyb
  2139 | D:3      | Paralysed by Ijyb for 2 turns
  2142 | D:3      | Killed Ijyb
  2142 | D:3      | Reached XP level 6. HP: 51/53 MP: 5/5
  2153 | D:3      | Found a glowing drain.
  2180 | Sewer    | Entered a sewer
  2402 | Sewer    | Reached skill level 6 in Axes
  2402 | Sewer    | Reached skill level 5 in Shields
  2929 | D:3      | Found an opulent altar of Gozag.
  3124 | D:3      | Noticed Natasha
  3129 | D:3      | Killed Natasha
  3129 | D:3      | Reached skill level 5 in Fighting
  3129 | D:3      | Reached XP level 7. HP: 61/61 MP: 6/6
  3773 | D:5      | Entered Level 5 of the Dungeon
  3823 | D:5      | Reached skill level 7 in Axes
  3871 | D:5      | Found a shattered altar of Ashenzari.
  4221 | D:5      | Noticed olivier's ghost (amateur OgFi)
  4826 | D:5      | Reached skill level 8 in Axes
  4826 | D:5      | Reached XP level 8. HP: 64/69 MP: 7/7
  5256 | D:5      | Found Tuefay's Food Boutique.
  5422 | D:5      | Noticed Menkaure
  5429 | D:5      | Killed Menkaure
  5545 | D:6      | Reached skill level 9 in Axes
  5594 | D:6      | Noticed kalagan's ghost (novice DESu)
  5622 | D:6      | Killed kalagan's ghost
  5638 | D:6      | Reached XP level 9. HP: 21/78 MP: 8/8
  5866 | D:6      | Reached skill level 10 in Axes
  6006 | D:6      | Identified the +7 mace of the Desert {flame, Fragile rPois SInv Stlth+} (You found it on level 6 of the Dungeon)
  6428 | D:6      | Found a staircase to the Ecumenical Temple.
  6438 | Temple   | Entered the Ecumenical Temple
  6442 | Temple   | Became a worshipper of Trog the Wrathful
  6945 | D:7      | Found a white marble altar of Elyvilon.
  6956 | D:7      | Reached skill level 11 in Axes
  7399 | D:8      | Noticed Zorot's ghost (journeyman VSGl)
  7415 | D:8      | Killed Zorot's ghost
  7423 | D:8      | Noticed a two-headed ogre
  7437 | D:8      | Killed a two-headed ogre
  7437 | D:8      | Reached skill level 12 in Axes
  7437 | D:8      | Reached XP level 10. HP: 44/88 MP: 9/9
  7694 | D:8      | Reached * piety under Trog
  8816 | D:9      | Reached ** piety under Trog
  8855 | D:9      | Got a brightly glowing ivory ring
  8944 | D:9      | Noticed a two-headed ogre
  8951 | D:9      | Killed a two-headed ogre
  8951 | D:9      | Reached skill level 13 in Axes
  9289 | D:9      | Found a stormy altar of Qazlal.
  9504 | D:9      | Noticed a two-headed ogre
  9809 | D:9      | Killed a two-headed ogre
 10039 | D:9      | Reached XP level 11. HP: 97/97 MP: 10/10
 10046 | D:9      | Reached *** piety under Trog
 10384 | D:10     | Entered Level 10 of the Dungeon
 10410 | D:10     | Found a staircase to the Lair.
 10786 | D:10     | Reached skill level 10 in Armour
 10847 | D:10     | Reached skill level 10 in Shields
 12040 | D:10     | Identified the ring "Ohumpes" {*Tele rN+} (You took it off a kobold on level 9 of the Dungeon)
 12658 | D:10     | Reached skill level 14 in Axes
 12659 | D:10     | Found Eailu's Eclectic Emporium.
 12761 | Lair:1   | Entered Level 1 of the Lair of Beasts
 12823 | Lair:1   | Noticed Grum
 12836 | Lair:1   | Killed Grum
 12873 | Lair:1   | Reached **** piety under Trog
 13699 | Lair:1   | Reached skill level 10 in Fighting
 13847 | Lair:1   | Noticed an oklob plant
 13847 | Lair:1   | Noticed an oklob plant
 13981 | Lair:2   | Found a staircase to the Snake Pit.
 14326 | Lair:2   | Noticed a five-headed hydra
 14336 | Lair:2   | Killed an 11-headed hydra
 14336 | Lair:2   | Reached XP level 12. HP: 106/106 MP: 11/11
 14546 | Lair:2   | Reached skill level 15 in Axes
 14859 | Lair:2   | Reached ***** piety under Trog
 14883 | Lair:2   | Identified the +1 robe of Geqicab {rF+ SInv} (You found it on level 2 of the Lair of Beasts)
 15080 | Lair:3   | Received a gift from Trog
 15301 | Lair:3   | Noticed an eight-headed hydra
 15323 | Lair:2   | Killed a 15-headed hydra
 15613 | Lair:3   | Found a staircase to the Swamp.
 15857 | Lair:3   | Reached skill level 16 in Axes
 16358 | Lair:4   | Found a dark tunnel.
 16377 | Volcano  | Entered a volcano
 16918 | Volcano  | Found a radiant altar of Vehumet.
 16934 | Volcano  | Noticed a stone giant
 16941 | Volcano  | HP: 3/110 [stone giant/large rock (20)]
 16942 | Volcano  | HP: 1/110 [stone giant/large rock (2)]
 16943 | Volcano  | Hit by a large rock thrown by a stone giant

Skill      XL: |  1  2  3  4  5  6  7  8  9 10 11 12 |
---------------+-------------------------------------+-----
Shields        | 4 5 6 8 9 10 12 | 12.1
Fighting       | 4 5 6 7 9 10 11 | 11.6
Armour         | 4 5 6 7 8 9 11 | 11.9
Axes           | 3 4 5 6 8 9 12 13 14 16 | 16.2

Action                   |  1- 3 |  4- 6 |  7- 9 | 10-12 || total
-------------------------+-------+-------+-------+-------++-------
Melee: War axe           |   102 |   149 |   311 |   841 ||  1403
       Headbutt          |    10 |    22 |    78 |   210 ||   320
Invok: Berserk           |       |       |       |     3 ||     3
       Burn Spellbooks   |       |       |       |     1 ||     1
Evoke: Wand              |       |       |       |     3 ||     3
  Use: Scroll            |       |     4 |     1 |    16 ||    21
       Potion            |       |     1 |       |     2 ||     3
  Eat: Chunk             |     2 |     6 |     6 |    12 ||    26
       Ration            |       |       |     2 |     6 ||     8
Armor: Scale mail        |    80 |    61 |    55 |       ||   196
       Chain mail        |       |       |    45 |    22 ||    67
       Plate armour      |       |       |       |   349 ||   349
Dodge: Dodged            |    43 |    56 |    72 |   155 ||   326
Block: Shield            |    61 |    83 |   144 |   433 ||   721
